 Dungeon Crawl Stone Soup version 0.18.1-50-g88ac8fd (webtiles) character file.

1145 nyan the Skirmisher (level 8, -3/52 HPs)
             Began as a Gargoyle Monk on Dec 21, 2017.
             Was a Priest of Pakellas.
             Killed by divine providence
             ... invoked by an orc priest
              (14 damage)
             ... on level 5 of the Dungeon.
             The game lasted 00:15:51 (4262 turns).

nyan the Skirmisher (Gargoyle Monk)                 Turns: 4262, Time: 00:15:54

Health: -3/52      AC: 22    Str: 16    XL:     8   Next: 37%
Magic:  12/12      EV:  2    Int: 12    God:    Pakellas [***...]
Gold:   189        SH:  7    Dex: 12    Spells: 0 memorised, 7 levels left

rFire  . . .     SeeInvis .     z - +0 war axe
rCold  . . .     Gourm    +     G - +0 plate armour
rNeg   + + .     Faith    .     a - +0 shield
rPois  ∞         Spirit   .     (no helmet)
rElec  +         Dismiss  .     j - +0 cloak
rCorr  +         Reflect  .     (no gloves)
SustAt .         Harm     .     y - +2 pair of boots
MR     .....                    B - amulet of the gourmand
Stlth  ..........               u - ring of resist corrosion
                                f - ring of positive energy

@: not resistant to hostile enchantments, extremely unstealthy
A: negative energy resistance 1, electricity resistance, unbreathing,
petrification resistance, rot immunity, AC +5
a: Quick Charge, Device Surge, Renounce Religion


You were on level 5 of the Dungeon.
You worshipped Pakellas.
Pakellas was most pleased with you.
You were full.

You visited 1 branch of the dungeon, and saw 5 of its levels.

You collected 189 gold pieces.

Inventory:

Hand Weapons
 v - a +3 dagger
 z - a +0 war axe (weapon)
Armour
 a - a +0 shield (worn)
 j - a +0 cloak (worn)
 y - a +2 pair of boots (worn)
 G - a +0 plate armour (worn)
Jewellery
 f - a ring of positive energy (left hand)
 u - a ring of resist corrosion (right hand)
 B - an amulet of the gourmand (around neck)
Wands
 r - a wand of confusion (19/48)
 A - a wand of acid (7/15)
 F - a wand of paralysis (17/24)
Scrolls
 c - 2 scrolls of random uselessness
 d - a scroll of remove curse
 i - 2 scrolls of teleportation
 l - 3 scrolls of enchant weapon
 m - a scroll of fog {unknown}
 n - a scroll of enchant armour {unknown}
 p - a scroll of magic mapping {unknown}
 D - a scroll of immolation {unknown}
Potions
 e - 2 potions of heal wounds
 h - 2 potions of berserk rage
 k - a potion of haste {unknown}
 o - a potion of degeneration {unknown}
 t - a potion of lignification {unknown}
 w - 2 potions of invisibility
 x - 3 potions of curing
Miscellaneous
 s - a phantom mirror
Comestibles
 b - 7 bread rations
 E - 2 meat rations


   Skills:
 + Level 6.5 Fighting
 + Level 5.4 Armour
 - Level 2.4 Dodging
 - Level 2.1 Stealth
 + Level 0.2 Shields
 - Level 4.0 Unarmed Combat
 * Level 5.6 Evocations


You had 7 spell levels left.
You didn't know any spells.

Dungeon Overview and Level Annotations

Branches:
Dungeon (5/15)             Temple (0/1) D:4

Altars:
Cheibriados
Fedhas
Pakellas

Shops:
D:5 %


Innate Abilities, Weirdness & Mutations

You are resistant to torment.
Your stone body is resilient (AC +5).
You are immune to poison.
You resist negative energy.
You are resistant to electric shocks.
You can survive without breathing.
You are immune to petrification.
You are immune to rotting.


Message History

The orc priest calls upon Beogh to heal the orc.
The orc's wounds heal themselves!
The orc hits you but does no damage.
You barely miss the orc. The orc hits you but does no damage.
The orc barely misses you.
You closely miss the orc. You block the orc's attack.
You slash the orc!
You kill the orc!
Pakellas accepts your kill.
Pakellas collects the excess magic power.
The orc priest hits you but does no damage.
Your shield and plate armour prevent you from hitting the orc priest.
The orc priest hits you but does no damage.
You closely miss the orc priest.
The orc priest calls down the wrath of Beogh upon you.
Pain shoots through your body!
* * * LOW HITPOINT WARNING * * *
The orc priest mumbles some strange prayers to Beogh against you.
Beogh smites you!
You die...
Pakellas says: Good help is so hard to find these days!

#.# #.# #.# #.#
#.# #.#
#########.########
.....oo@........>#
#########.#.######
#........#
###.####.#
###########.# #(#
#........^..# #.#
####'###########
#.#
######........#
#.#
#....#.....?..#
#.#


You could see an orc priest and an orc.

Vanquished Creatures
  3 ice beasts (D:5)
  3 ogres (D:4)
  2 scorpions (D:4)
  2 howler monkeys
  2 hounds (D:4)
  A jelly (D:5)
  3 orc wizards
  A centaur skeleton (D:4)
  2 worker ants (D:4)
  A hound skeleton (D:5)
  6 adders
  4 gnolls (D:4)
  2 oozes
  6 worms
  2 dart slugs
  2 giant geckos
  11 orcs
  2 ball pythons
  3 giant cockroaches
  8 goblins
  2 hobgoblins (D:2)
  8 jackals
  8 kobolds
  3 quokkas
  8 bats
  4 giant newts
  6 rats
105 creatures vanquished.

Notes
Turn   | Place    | Note
--------------------------------------------------------------
     0 | D:1      | nyan the Gargoyle Monk began the quest for the Orb.
     0 | D:1      | Reached XP level 1. HP: 14/14 MP: 1/1
   146 | D:1      | Reached skill level 1 in Armour
   146 | D:1      | Reached XP level 2. HP: 15/19 MP: 2/2
   873 | D:2      | Reached XP level 3. HP: 18/24 MP: 3/3
   884 | D:2      | Reached skill level 4 in Fighting
  1287 | D:2      | Found a snail-covered altar of Cheibriados.
  1287 | D:2      | Found an oddly glowing altar of Pakellas.
  1293 | D:2      | Became a worshipper of Pakellas the Inventive
  1293 | D:2      | Reached * piety under Pakellas
  1293 | D:2      | Received a gift from Pakellas
  1293 | D:2      | Reached ** piety under Pakellas
  1293 | D:2      | Received a gift from Pakellas
  1374 | D:2      | Reached XP level 4. HP: 27/29 MP: 4/4
  1774 | D:3      | Reached skill level 1 in Evocations
  2020 | D:3      | Reached XP level 5. HP: 34/34 MP: 6/6
  2293 | D:3      | Found a blossoming altar of Fedhas.
  2556 | D:4      | Noticed an ogre
  2577 | D:4      | Killed an ogre
  2577 | D:4      | Reached skill level 5 in Fighting
  2577 | D:4      | Reached XP level 6. HP: 7/40 MP: 6/8
  3070 | D:4      | Found a staircase to the Ecumenical Temple.
  3164 | D:4      | Reached *** piety under Pakellas
  3164 | D:4      | Received a gift from Pakellas
  3336 | D:4      | Reached XP level 7. HP: 42/44 MP: 9/9
  3521 | D:4      | Got an encrusted leather armour
  3532 | D:4      | Identified the cursed +0 leather armour of Neyneamm {rCorr} (You found it on level 4 of the Dungeon)
  3909 | D:5      | Entered Level 5 of the Dungeon
  3915 | D:5      | Reached skill level 6 in Fighting
  3933 | D:5      | Reached skill level 5 in Armour
  3933 | D:5      | Reached XP level 8. HP: 45/51 MP: 11/11
  3953 | D:5      | Reached skill level 5 in Evocations
  3972 | D:5      | Found Dach's Food Boutique.
  4262 | D:5      | Killed from afar by an orc priest

Skill      XL: |  1  2  3  4  5  6  7  8 |
---------------+-------------------------+-----
Armour         | 1 2 3 4 5 |  5.4
Fighting       | 4 5 6 |  6.5
Evocations     | 1 2 3 4 5 |  5.6
Dodging        | |  2.4
Stealth        | |  2.1
Shields        | |  0.2
Unarmed Combat | |  4.0

Action                   |  1- 3 |  4- 6 |  7- 9 || total
-------------------------+-------+-------+-------++-------
Melee: Unarmed           |   144 |   104 |       ||   248
       Punch             |     3 |     3 |     1 ||     7
       Dagger            |       |   137 |     3 ||   140
       War axe           |       |    37 |   158 ||   195
Evoke: Wand              |       |     1 |     5 ||     6
  Use: Scroll            |     1 |     4 |     7 ||    12
 Stab: Sleeping          |     1 |       |       ||     1
       Confused          |       |     2 |     2 ||     4
  Eat: Fruit             |     3 |     1 |       ||     4
       Chunk             |       |     1 |       ||     1
       Meat ration       |       |     1 |     1 ||     2
       Beef jerky        |       |       |     1 ||     1
Armor: Robe              |    11 |       |       ||    11
       Leather armour    |    33 |     5 |    58 ||    96
       Chain mail        |       |   200 |    59 ||   259
       Plate armour      |       |       |    33 ||    33
Dodge: Dodged            |    89 |   106 |   122 ||   317
Block: Shield            |       |       |     2 ||     2
